 Dungeon Crawl Stone Soup version 0.28.0-45-g0d030f2227 (webtiles) character file.

Game seed: 6892848999761219221

435 croobank the Covered (level 6, -2/52 HPs)
             Began as a Minotaur Artificer on Apr 16, 2022.
             Slain by an ogre
             ... wielding a +0 giant spiked club
              (20 damage)
             ... on level 4 of the Dungeon.
             The game lasted 00:11:27 (3926 turns).

croobank the Covered (Minotaur Artificer)           Turns: 3926, Time: 00:11:28

Health: -2/52      AC: 10    Str: 19    XL:     6   Next: 68%
Magic:  5/5        EV: 11    Int:  8    God:
Gold:   109        SH:  0    Dex: 10    Spells: 5/5 levels left

rFire   . . .      SeeInvis .   i - +1 spear
rCold   + . .      Faith    .   (no shield)
rNeg    . . .      Spirit   .   l - +0 ring mail
rPois   .          Reflect  .   (helmet restricted)
rElec   .          Harm     .   (no cloak)
rCorr   .          Rampage  .   f - +0 pair of gloves
Will    .....                   s - +2 pair of boots
Stlth   +.........              (no amulet)
HPRegen 0.17/turn               r - ring of protection from cold
MPRegen 0.09/turn               (no ring)

@: no status effects
A: horns 2, retaliatory headbutt
a: no special abilities


You were on level 4 of the Dungeon.
You visited 2 branches of the dungeon, and saw 5 of its levels.

You collected 129 gold pieces.
You spent 20 gold pieces at shops.

Inventory:

Hand Weapons
 a - a +0 club
 b - a +0 long sword
 h - a +0 whip
 i - a +1 spear (weapon)
Missiles
 k - 185 stones
 n - 6 poisoned darts
 q - 43 arrows
Armour
 f - a +0 pair of gloves (worn)
 l - a +0 ring mail (worn)
 s - a +2 pair of boots (worn)
Jewellery
 r - a ring of protection from cold (left hand)
Wands
 c - a wand of flame (22) (quivered)
 d - a wand of charming (14)
Scrolls
 j - a scroll of immolation
Potions
 g - a potion of flight {unknown}
 m - a potion of heal wounds {unknown}
 p - a potion of curing
 t - a potion of ambrosia {unknown}
Miscellaneous
 e - a piece from Xom's chessboard (15/15)


   Skills:
 + Level 3.7 Fighting
 + Level 4.4 Armour
 + Level 3.3 Dodging
 + Level 2.7 Stealth
 + Level 3.9 Evocations


You had 5 spell levels left.
You didn't know any spells.
Your spell library was empty.

Dungeon Overview and Level Annotations

Branches:
Dungeon (4/15)             Temple (1/1) D:4

Altars:
Cheibriados
Dithmenos
Elyvilon
Fedhas
Hepliaklqana
Kikubaaqudgha
Nemelex Xobeh
Ru
Sif Muna
Trog
Uskayaw
Yredelemnul
The Shining One

Shops:
D:2 ?(*=   D:4 *


Innate Abilities, Weirdness & Mutations

You have a pair of horns on your head.
You reflexively headbutt those who attack you in melee.


Message History

The hound skeleton misses you.
You hit the hound skeleton.
The hound skeleton is moderately damaged.
The hound skeleton bites you but does no damage.
You hit the hound skeleton.
The hound skeleton is heavily damaged.
The hound skeleton misses you. You furiously retaliate!
You headbutt the hound skeleton. The hound skeleton barely misses you.
You furiously retaliate!
You headbutt the hound skeleton. You puncture the hound skeleton!
You destroy the hound skeleton!
No target in view!
There is an open door here.
You open the door.
There is an open door here.
You open the door.
There is an open door here.
You open the door.
An ogre comes into view. It is wielding a +0 giant spiked club.
There is an open door here.
You reach to attack!
The helpless ogre fails to defend itself.
You hit the ogre.
The ogre is lightly wounded.
You puncture the ogre! You headbutt the ogre.
The ogre is severely wounded.
The ogre hits you with a +0 giant spiked club!
You hit the ogre but do no damage.
The ogre is severely wounded.
The ogre barely misses you.
You hit the ogre.
The ogre is severely wounded.
You hit the ogre.
The ogre is almost dead.
The ogre hits you with a +0 giant spiked club!!
You are too injured to fight recklessly!
You hit the ogre.
The ogre is almost dead.
The ogre hits you with a +0 giant spiked club!!
You die...

...........#...#
...........#...# .......
..........>#...# ......#
...........#'####......#
######..........#......#
.....#..........#......#
.....+..........#.......
.....#..∩.......#O......
.....#..........@.......
.....#..........##....##
.....#######.....# ...#
.....##....#.....# ....
.....##....#.....# ...
...!.......#.....+ ..
...........'.....# .
...........#.....#
############.....#


You could see an ogre.

Vanquished Creatures
  Blork the orc (D:4)
  A scorpion (D:4)
  A water moccasin zombie (D:3)
  2 water moccasin skeletons (D:4)
  A bullfrog skeleton (D:3)
  A hound skeleton (D:4)
  5 adders
  2 ufetubi
  2 worms (D:3)
  A dart slug (D:1)
  8 endoplasms
  2 giant cockroaches
  3 goblins
  3 hobgoblins (D:1)
  3 jackals (D:4)
  A quokka (D:2)
  4 ball pythons
  5 bats
  A frilled lizard (D:1)
  4 kobolds
  2 rats
53 creatures vanquished.

Vanquished Creatures (collateral kills)
  An ufetubus (D:4)
1 creature vanquished.

Grand Total: 54 creatures vanquished

Notes
Turn   | Place    | Note
-------+----------+-------------------------------------------
     0 | D:1      | croobank the Minotaur Artificer began the quest for the
                  | Orb.
     0 | D:1      | Reached XP level 1. HP: 16/16 MP: 0/0
   304 | D:1      | Reached skill level 1 in Stealth
   309 | D:1      | Reached XP level 2. HP: 23/23 MP: 1/1
  1309 | D:2      | Found Vigizor's Magic Scroll Shop.
  1323 | D:2      | Bought a scroll of identify for 20 gold pieces
  1352 | D:2      | Reached XP level 3. HP: 13/29 MP: 2/2
  1595 | D:2      | Found Xyfigh's General Store.
  1701 | D:2      | Reached skill level 3 in Armour
  1756 | D:2      | Found Jeretilo's Jewellery Shop.
  2127 | D:2      | Found Maeclei's Antique Weapon Emporium.
  2272 | D:3      | Reached XP level 4. HP: 28/37 MP: 3/3
  2522 | D:3      | Reached XP level 5. HP: 44/44 MP: 4/4
  2840 | D:4      | Reached skill level 4 in Armour
  3024 | D:4      | Reached XP level 6. HP: 45/51 MP: 5/5
  3200 | D:4      | Found a staircase to the Ecumenical Temple.
  3237 | Temple   | Entered the Ecumenical Temple
  3706 | D:4      | Found a sacrificial altar of Ru.
  3717 | D:4      | Noticed Blork the orc
  3766 | D:4      | Killed Blork the orc
  3874 | D:4      | Found Boguofaonn's Mass Market.
  3926 | D:4      | Slain by an ogre

Illustrated notes

Levels and vault maps discovered:
D:1:      matt_arrival_los_fun, layout_basic, patterned_corridor
D:2:      layout_loops_ring, serial_shops, nicolae_shop_hallway_stairs,
          nicolae_shop_advertising_works [nicolae_subvault_shop_adworks],
          nicolae_shop_competitors_out_of_business, shop
D:3:      layout_rooms
D:4:      layout_gridville, minitemple, temple_pool_b, minmay_shop_mass,
          uniq_blork_the_orc
Temple:   minmay_temple_forest_path

Skill      XL: |  1  2  3  4  5 |
---------------+----------------+-----
Stealth        | 1 2 |  2.7
Fighting       | 2 3 |  3.7
Evocations     | 3 |  3.9
Armour         | 3 4 |  4.4
Dodging        | 2 3 |  3.3

Action                   |  1- 3 |  4- 6 || total
-------------------------+-------+-------++-------
Melee: Club              |    10 |       ||    10
       Headbutt          |     7 |    15 ||    22
       Spear             |    90 |    89 ||   179
       Punch             |     2 |     1 ||     3
Evoke: Wand              |    12 |     1 ||    13
       Piece from Xom's  |     1 |       ||     1
  Use: Scroll            |     3 |     5 ||     8
 Stab: Sleeping          |       |     1 ||     1
Armor: Leather armour    |     7 |       ||     7
       Ring mail         |    39 |    40 ||    79
Dodge: Dodged            |    49 |    56 ||   105
